 Dungeon Crawl Stone Soup version 0.24-a0-92-g7d8ec57 (webtiles) character file.

Game seed: 1523652824118724577

81 Vsemogusht the Skirmisher (level 4, 0/37 HPs)
             Began as a Demonspawn Wanderer on Feb 9, 2019.
             Slain by a gnoll
             ... wielding a +0 flail
              (8 damage)
             ... on level 2 of the Dungeon.
             The game lasted 00:10:17 (3295 turns).

Vsemogusht the Skirmisher (Demonspawn Wanderer)     Turns: 3295, Time: 00:10:18

Health: 0/37       AC:  5    Str: 12    XL:     4   Next: 19%
Magic:  0/4        EV: 10    Int: 17    God:
Gold:   34         SH:  0    Dex: 10    Spells: 2/3 levels left

rFire    . . .     SeeInvis .   b - +0 dagger (curse)
rCold    . . .     Gourm    .   (no shield)
rNeg     . . .     Faith    .   l - +0 ring mail
rPois    .         Spirit   .   (no helmet)
rElec    .         Reflect  .   (no cloak)
rCorr    .         Harm     .   (no gloves)
MR       .....                  (no boots)
Stlth    ++........             (no amulet)
HPRegen  0.12/turn              k - ring of attention (curse)
MPRegen  0.09/turn              (no ring)

@: very slightly contaminated
A: nightstalker 2
a: no special abilities


You were on level 2 of the Dungeon.
You were not hungry.

You visited 1 branch of the dungeon, and saw 2 of its levels.

You collected 34 gold pieces.

Inventory:

Hand Weapons
 b - a cursed +0 dagger (weapon)
 d - a +0 club
 e - a +0 mace
 i - a +0 dagger
 j - a +3 dagger
Missiles
 h - 9 stones (quivered)
Armour
 c - a +0 robe
 l - a +0 ring mail (worn)
Jewellery
 k - a cursed ring of attention (left hand)
Scrolls
 a - 6 scrolls of identify
 g - a scroll of blinking
Comestibles
 f - 3 rations


   Skills:
 + Level 4.1 Fighting
   Level 2.6 Long Blades
 - Level 1.0 Throwing
 - Level 1.0 Dodging
 - Level 1.0 Stealth
   Level 2.1 Necromancy
 - Level 1.0 Earth Magic


You had 2 spell levels left.
You knew the following spells:

 Your Spells              Type           Power        Failure   Level  Hunger
a - Sandblast             Erth           #.....       34%         1    ##.....

Your spell library contained the following spells:

 Spells                   Type           Power        Failure   Level  Hunger
 Animate Skeleton         Necr           N/A          22%         1    ##.....
 Passwall                 Tmut/Erth      #.......     54%         2    ###....
 Regeneration             Chrm/Necr      #.........   71%         3    ####...
 Stone Arrow              Conj/Erth      #.....       78%         3    ####...
 Petrify                  Tmut/Erth      #.......     99%         4    #####..
 Lee's Rapid Deconstruct  Erth           #.........   100%        5    ######.


Dungeon Overview and Level Annotations

Branches:
Dungeon (2/15)

Altars:
Elyvilon

Annotations:
D:2 Terence


Innate Abilities, Weirdness & Mutations

You are significantly more attuned to the shadows.


Message History

The gnoll barely misses you.
You barely miss the gnoll.
The gnoll is heavily wounded.
The gnoll barely misses you.
You hit the gnoll but do no damage.
The gnoll is heavily wounded.
The gnoll hits you with a +0 flail!
You hit the gnoll but do no damage.
The gnoll is heavily wounded.
You hit the gnoll but do no damage.
The gnoll is heavily wounded.
The gnoll hits you with a +0 flail!
* * * LOW HITPOINT WARNING * * *
You hit the gnoll but do no damage.
The gnoll is heavily wounded.
The gnoll completely misses you.
You hit the gnoll.
The gnoll is heavily wounded.
The gnoll hits you with a +0 flail!
You die...

....................#.#.....##..#
..........##....#####.#.....#####
..........#####.# #.#..........
...........####.#####.#..>.......
.....#####.......................
...#.# #####.....)#.#..........
...#.###### #......#.#....<.....
..........####...g..#.((..((....#
................@)..#......(....#
............##....[.##..g....@..#
............#########...........#
............###........###...##..
......................######.##..
............#.........###......(.
..............g...........##(.(#.
...........##.........##.#####.#.
.########............# #...


You could see a gnoll.

Vanquished Creatures
  A gnoll (D:1)
  3 adders (D:2)
  3 dart slugs (D:1)
  A leopard gecko (D:2)
  A giant cockroach (D:1)
  5 goblins
  4 jackals (D:1)
  A quokka (D:1)
  4 bats
  3 frilled lizards (D:2)
  7 kobolds
  5 rats
38 creatures vanquished.

Notes
Turn   | Place    | Note
-------+----------+-------------------------------------------
     0 | D:1      | Vsemogusht the Demonspawn Wanderer began the quest for the
                  | Orb.
     0 | D:1      | Vsemogusht set off with the following items: a +0 robe, a
                  | +0 club, a ration; and the following spells available to
                  | memorise: Animate Skeleton, Sandblast, Passwall,
                  | Regeneration, Stone Arrow, Petrify, Lee's Rapid
                  | Deconstruction
     0 | D:1      | Reached XP level 1. HP: 15/15 MP: 1/1
   245 | D:1      | Reached skill level 2 in Fighting
   423 | D:1      | Gained mutation: You are slightly more attuned to the
                  | shadows. [demonic ancestry]
   423 | D:1      | Reached XP level 2. HP: 18/22 MP: 2/2
   484 | D:1      | Learned a level 1 spell: Sandblast
  1442 | D:2      | Found a white marble altar of Elyvilon.
  1587 | D:2      | Noticed Terence
  1640 | D:2      | Reached skill level 3 in Fighting
  1672 | D:2      | Gained mutation: You are significantly more attuned to the
                  | shadows. [demonic ancestry]
  1672 | D:2      | Reached XP level 3. HP: 26/29 MP: 3/3
  1771 | D:2      | Found a faded altar of an unknown god.
  2349 | D:1      | Reached XP level 4. HP: 31/37 MP: 4/4
  2479 | D:1      | HP: 1/37 [gnoll/+0 flail (4)]
  2480 | D:1      | Reached skill level 4 in Fighting
  3295 | D:2      | Slain by a gnoll

Levels and vault maps discovered:
D:1:      dpeg_arrival_brainrot, layout_loops_ring, minmay_pentomino_r4
D:2:      layout_rooms, elyvilon_altar_5,
          chequers_ecumenical_altar_simple_redux, uniq_terence

Skill      XL: |  1  2  3  4 |
---------------+-------------+-----
Fighting       | 2 3 4 |  4.1
Long Blades    | |  2.6
Throwing       | |  1.0
Dodging        | |  1.0
Stealth        | |  1.0
Necromancy     | |  2.1
Earth Magic    | |  1.0

Action                   |  1- 3 |  4- 6 || total
-------------------------+-------+-------++-------
Melee: Mace              |    59 |       ||    59
       Dagger            |   101 |    52 ||   153
 Cast: Sandblast         |    15 |     9 ||    24
  Use: Potion            |     3 |       ||     3
       Scroll            |     4 |       ||     4
 Stab: Sleeping          |     3 |       ||     3
  Eat: Chunk             |     4 |       ||     4
       Ration            |       |     2 ||     2
Armor: Robe              |    15 |       ||    15
       Ring mail         |    40 |     9 ||    49
Dodge: Dodged            |    98 |    32 ||   130

Table legend:
 A = Non-vault XP
 B = Vault XP
 C = Vault XP percentage of total XP
 D = Non-vault monster count
 E = Vault monster count
 F = Vault count percentage of total count
                 A         B        C        D         E       F
            +---------+---------+-------+---------+---------+-------
      Total |     114 |       2 |   1.7 |      36 |       2 |   5.3
            +---------+---------+-------+---------+---------+-------
        D:1 |      49 |       2 |   3.9 |      17 |       2 |  10.5
        D:2 |      65 |       0 |   0.0 |      19 |       0 |   0.0
            +---------+---------+-------+---------+---------+-------
